 Dungeon Crawl Stone Soup version 0.23.2-1-ga50397a (webtiles) character file.

Game seed: 5252529348546107128

3094 SedStubbie the Covert (level 9, -1/56 HPs)
             Began as an Octopode Artificer on May 1, 2019.
             Was a Believer of Nemelex Xobeh.
             Slain by a killer bee (9 damage)
             ... on level 8 of the Dungeon.
             The game lasted 00:34:52 (8067 turns).

SedStubbie the Covert (Octopode Artificer)          Turns: 8067, Time: 00:34:53

Health: -1/56      AC:  1    Str: 12    XL:     9   Next: 90%
Magic:  14/14      EV: 18    Int: 13    God:    Nemelex Xobeh [**....]
Gold:   393        SH:  7    Dex: 18    Spells: 8/8 levels left

rFire    . . .     SeeInvis .   a - +1 short sword
rCold    + . .     Gourm    .   x - +1 buckler
rNeg     . . .     Faith    .   (helmet restricted)
rPois    .         Spirit   .   (no amulet)
rElec    .         Reflect  .   k - +3 ring of dexterity
rCorr    .         Harm     .   l - ring of stealth
MR       +....                  m - ring of protection from magic (curse)
Stlth    ++++++....             g - ring of wizardry
HPRegen  0.18/turn              (no ring)
MPRegen  0.14/turn              (no ring)
                                (no ring)
                                (no ring)

@: no status effects
A: almost no armour, stealthy swim, amphibious, 8 rings, constrict 8, antennae
1, tentacle spike 1, camouflage 1, cold resistance 1, gelatinous body 1
a: Draw Escape, Draw Destruction, Draw Summoning, Renounce Religion


You were on level 8 of the Dungeon.
You worshipped Nemelex Xobeh.
Nemelex Xobeh was pleased with you.
You were not hungry.

You visited 2 branches of the dungeon, and saw 9 of its levels.
You also visited: Sewer.

You collected 393 gold pieces.

Inventory:

Hand Weapons
 a - a +1 short sword (weapon)
Missiles
 p - 244 stones (quivered)
Armour
 x - a +1 buckler (worn)
Jewellery
 g - a ring of wizardry (on tentacle)
 k - a +3 ring of dexterity (left tentacle)
 l - a ring of stealth (right tentacle)
 m - a cursed ring of protection from magic (on tentacle)
Wands
 c - a wand of enslavement (11)
 d - a wand of random effects (11)
Scrolls
 i - 2 scrolls of amnesia
 j - a scroll of remove curse
 q - 5 scrolls of identify
 s - a scroll of teleportation
Potions
 h - 3 potions of lignification
 n - a potion of agility
 v - 4 potions of flight
Comestibles
 f - 15 rations


   Skills:
 + Level 3.1 Fighting
 + Level 2.3 Short Blades
 + Level 6.4 Dodging
 + Level 8.7 Stealth
 - Level 7.3 Shields
 + Level 7.4 Evocations


You had 8 spell levels left.
You didn't know any spells.
Your spell library contained the following spells:

 Spells                   Type           Power        Failure   Level  Hunger
 Magic Dart               Conj           #...         12%         1    ##.....
 Searing Ray              Conj           #.....       19%         2    ###....
 Dazzling Spray           Conj/Hex       #.....       34%         3    ####...
 Force Lance              Conj/Tloc      #.......     73%         4    #####..
 Fulminant Prism          Conj/Hex       #.........   73%         4    #####..
 Iskenderun's Mystic Bla  Conj           #.......     73%         4    #####..


Dungeon Overview and Level Annotations

Branches:
Dungeon (8/15)             Temple (1/1) D:4
   Lair: D:8-11

Altars:
Cheibriados
Dithmenos
Elyvilon
Gozag
Hepliaklqana
Kikubaaqudgha
Makhleb
Nemelex Xobeh
Okawaru
Qazlal
Ru
Sif Muna
Trog
Uskayaw
Vehumet
Wu Jian
Xom
Yredelemnul
Zin
The Shining One
Beogh

Shops:
D:8 *

Annotations:
D:3 3 runed translucent doors, exclusions: 3 doors and downstairs, RatmanManrat's ghost, amateur MiBe


Innate Abilities, Weirdness & Mutations

You cannot wear most types of armour.
You are very stealthy in the water. (Stealth+)
You are amphibious.
You can wear up to eight rings at the same time.
You can use your tentacles to constrict eight enemies at once.
Your skin changes colour to match your surroundings (Stealth+).
Your rubbery body absorbs attacks. (AC +1, EV +1)
You have a pair of small antennae on your head.
One of your tentacles bears a spike.
Your flesh is cold resistant. (rC+)


Message History

Okay, then.
The killer bee stings you!
* * * LOW HITPOINT WARNING * * *
The killer bee stings you.
* * * LOW HITPOINT WARNING * * *
The hound closely misses you. The jackal closely misses you.
You block the killer bee's attack. The bullfrog zombie barely misses you.
The killer bee stings you.
* * * LOW HITPOINT WARNING * * *
The hound closely misses you.
You feel better. The killer bee closely misses you. The killer bee stings you.
* * * LOW HITPOINT WARNING * * *
The jackal barely misses you. The hound completely misses you.
You block the bullfrog zombie's attack. The killer bee closely misses you.
The killer bee misses you. The jackal barely misses you.
You draw a card...
You have drawn the Shaft.
A shaft materialises beneath you!
The deck of cards glows with a rainbow of weird colours and disappears.
The killer bee closely misses you. The killer bee stings you!
You die...
Your body disappears without a glow.

.....#.# #.. ..# ##.#.#.# #.#
#.# #
#.#.#.#####.#######.############
#<#.#........[............[o....
###.#.#####.#######)############
#.#.#####.# #.# #.... ##
#.#.......# #.# #.... .#
#.#.#############[# #.... .#
#.........#yh@y.).# #..o. #
###.#####.#yZyh...# #.... #.#
#..h....# ##...
#§#####+#.......### ....
#.##....)........<#
.#####.##..............#
......hy'.......?.........
#########...≈...y.....####
#...≈≈.<...≈≈.#


You could see 2 hounds, 5 killer bees, a bullfrog zombie and a jackal.

Vanquished Creatures
  Prince Ribbit (D:6)
  A hippogriff (D:7)
  Sigmund (D:4)
  An orc warrior (D:6)
  2 sky beasts
  2 ogres
  A centaur (D:5)
  2 big kobolds (Sewer)
  2 bullfrogs (D:6)
  2 scorpions
  11 killer bees
  5 hounds
  A quasit (D:5)
  A crimson imp (D:6)
  4 orc priests
  A bullfrog skeleton (D:6)
  8 orc wizards
  A centaur skeleton (D:5)
  7 worker ants
  A hound skeleton (D:5)
  6 adders
  5 river rats
  2 shadow imps
  2 oozes (Sewer)
  An adder skeleton (D:6)
  A worm (D:5)
  5 leopard geckos
  33 orcs
  9 ball pythons
  A giant cockroach (D:7)
  5 goblins
  5 hobgoblins
  21 jackals
  17 kobolds
  A bat (D:1)
  6 frilled lizards
  A jackal skeleton (D:5)
  A leopard gecko skeleton (D:4)
  25 rats
202 creatures vanquished.

Vanquished Creatures (collateral kills)
  3 killer bees (D:8)
  2 orc wizards (D:8)
  A leopard gecko (D:6)
  2 orcs (D:8)
  2 jackals (D:8)
10 creatures vanquished.

Vanquished Creatures (others)
  Blork the orc (D:6)
  An orc wizard (D:8)
  2 orcs (D:4)
4 creatures vanquished.

Grand Total: 216 creatures vanquished

Notes
Turn   | Place    | Note
-------+----------+-------------------------------------------
     0 | D:1      | SedStubbie the Octopode Artificer began the quest for the
                  | Orb.
     0 | D:1      | Reached XP level 1. HP: 13/13 MP: 3/3
    33 | D:1      | Reached XP level 2. HP: 10/18 MP: 4/4
   254 | D:1      | Reached skill level 2 in Stealth
   979 | D:2      | Reached XP level 3. HP: 24/24 MP: 5/5
  1540 | D:3      | Reached XP level 4. HP: 18/29 MP: 6/6
  1748 | D:3      | Found a runed translucent gate.
  1749 | D:3      | Found a runed translucent gate.
  1750 | D:3      | Found a runed translucent gate.
  1750 | D:3      | Noticed RatmanManrat's ghost (amateur MiBe)
  1789 | D:3      | Reached skill level 3 in Stealth
  2269 | D:3      | Found a roughly hewn altar of Beogh.
  2354 | D:4      | Found an iron altar of Okawaru.
  2357 | D:4      | Found an ancient bone altar of Kikubaaqudgha.
  2358 | D:4      | Found a radiant altar of Vehumet.
  2359 | D:4      | Found a deep blue altar of Sif Muna.
  2365 | D:4      | Identified Vehumet's Grimoire of Attacks
  2394 | D:4      | Reached skill level 1 in Shields
  2394 | D:4      | Reached XP level 5. HP: 22/34 MP: 8/8
  2430 | D:4      | Found a staircase to the Ecumenical Temple.
  2434 | D:4      | Noticed an ogre
  2444 | D:4      | Killed an ogre
  2444 | D:4      | Reached skill level 4 in Stealth
  2444 | D:4      | Reached XP level 6. HP: 32/39 MP: 9/9
  2670 | D:4      | Gained mutation: You have a pair of small antennae on your
                  | head. [potion of mutation]
  2670 | D:4      | Gained mutation: Your flesh is cold resistant. (rC+)
                  | [potion of mutation]
  2670 | D:4      | Gained mutation: One of your tentacles bears a spike.
                  | [potion of mutation]
  2890 | D:4      | Noticed Sigmund
  2921 | D:4      | Killed Sigmund
  2921 | D:4      | Reached skill level 5 in Stealth
  2921 | D:4      | Reached skill level 5 in Evocations
  2921 | D:4      | Reached XP level 7. HP: 38/45 MP: 10/10
  2990 | Temple   | Entered the Ecumenical Temple
  3023 | Temple   | Became a worshipper of Nemelex Xobeh the Trickster
  3414 | D:4      | Found a bloodstained altar of Trog.
  3496 | D:5      | Entered Level 5 of the Dungeon
  3535 | D:5      | Found a glowing drain.
  3706 | Sewer    | Entered a sewer
  3736 | Sewer    | Received a gift from Nemelex Xobeh
  3833 | Sewer    | Reached XP level 8. HP: 50/50 MP: 12/12
  4439 | D:5      | Found a shadowy altar of Dithmenos.
  4450 | D:5      | Reached skill level 6 in Stealth
  4470 | D:5      | Reached skill level 5 in Shields
  4889 | D:5      | You fall through a shaft for 2 floors!
  4891 | D:7      | Reached * piety under Nemelex Xobeh
  4891 | D:7      | Found a hide-covered altar of Uskayaw.
  4970 | D:8      | Found Pimoetut's Changing Room.
  4973 | D:8      | Reached skill level 5 in Dodging
  5090 | D:6      | Reached skill level 7 in Stealth
  5106 | D:6      | Reached XP level 9. HP: 38/54 MP: 13/13
  5499 | D:6      | Noticed Blork the orc
  5502 | D:6      | Noticed Prince Ribbit
  5514 | D:6      | Your ally died
  5519 | D:6      | Killed Prince Ribbit
  5633 | D:6      | Reached ** piety under Nemelex Xobeh
  6142 | D:5      | Reached skill level 8 in Stealth
  6584 | D:5      | Received a gift from Nemelex Xobeh
  7910 | D:7      | Found a white marble altar of Elyvilon.
  7914 | D:7      | Found an ornate altar of the Wu Jian Council.
  7914 | D:7      | Found a shimmering altar of Xom.
  7918 | D:7      | Found a burning altar of Makhleb.
  8067 | D:8      | Slain by a killer bee

Skill      XL: |  1  2  3  4  5  6  7  8  9 |
---------------+----------------------------+-----
Stealth        | 2 3 4 5 7 8 |  8.7
Fighting       | 2 3 |  3.1
Evocations     | 4 5 6 7 |  7.4
Dodging        | 3 4 5 6 |  6.4
Shields        | 1 2 3 4 6 7 |  7.3
Short Blades   | 2 |  2.3

Action                   |  1- 3 |  4- 6 |  7- 9 || total
-------------------------+-------+-------+-------++-------
Melee: Short sword       |    58 |    79 |   321 ||   458
       Constrict         |    21 |    24 |    76 ||   121
       Tentacles         |    16 |    17 |    55 ||    88
       Kick              |       |    13 |   103 ||   116
Throw: Stone             |       |    20 |    25 ||    45
 Abil: Draw Escape       |       |       |     6 ||     6
       Draw Destruction  |       |       |     6 ||     6
       Draw Summoning    |       |       |     2 ||     2
Evoke: Wand              |       |    15 |    28 ||    43
  Use: Scroll            |       |    10 |     6 ||    16
       Potion            |       |     7 |    19 ||    26
 Stab: Sleeping          |     7 |     4 |    19 ||    30
       Distracted        |       |     1 |     2 ||     3
  Eat: Chunk             |     2 |     4 |    11 ||    17
       Ration            |       |       |     2 ||     2
Armor: Skin              |     8 |     2 |    86 ||    96
Dodge: Dodged            |    42 |    42 |   358 ||   442
Block: Buckler           |       |    10 |   151 ||   161
